 Dungeon Crawl Stone Soup version 0.26-a0-1040-gbe3abf3417 (webtiles) character file.

Game seed: 9913570362025000066

527 polelong the Covered (level 7, -2/53 HPs)
             Began as a Human Fighter on Dec 11, 2020.
             Slain by Crazy Yiuf
             ... wielding a +3 quarterstaff of chaos
              (3 damage)
             ... on level 5 of the Dungeon.
             The game lasted 00:26:06 (4882 turns).

polelong the Covered (Human Fighter)                Turns: 4882, Time: 00:26:06

Health: -2/53      AC: 11    Str: 17 (18) XL:     7   Next: 47%
Magic:  16/16      EV:  5    Int:  7 (9)  God:
Gold:   150        SH: 10    Dex: 10 (12) Spells: 6/6 levels left

rFire    . . .     SeeInvis +   d - +1 long sword
rCold    . . .     Faith    .   c - +1 kite shield
rNeg     . . .     Spirit   .   l - +0 chain mail
rPois    .         Reflect  .   (no helmet)
rElec    .         Harm     .   (no cloak)
rCorr    .         Rampage  .   a - +0 pair of gloves
Will     .....                  (no boots)
Stlth    ..........             e - amulet of magic regeneration
HPRegen  0.17/turn              s - ring of see invisible
MPRegen  0.40/turn              t - ring of magical power

@: lethally poisoned (-2 -> -3), hasted, very quick
A: no striking features
a: no special abilities


You were on level 5 of the Dungeon.
You visited 1 branch of the dungeon, and saw 5 of its levels.

You collected 150 gold pieces.

Inventory:

Hand Weapons
 d - a +1 long sword (weapon)
Armour
 a - a +0 pair of gloves (worn)
 b - a +0 scale mail
 c - a +1 kite shield (worn)
 l - a +0 chain mail (worn)
Jewellery
 e - an amulet of magic regeneration (around neck)
 i - an uncursed amulet of faith
 s - a ring of see invisible (left hand)
 t - a ring of magical power (right hand)
Wands
 g - a wand of acid (11)
Scrolls
 f - 4 scrolls of identify
 h - 3 scrolls of teleportation
 k - 2 scrolls of amnesia
 p - a scroll of remove curse
 q - 2 scrolls of magic mapping


   Skills:
 + Level 3.7 Fighting
 + Level 4.5 Long Blades
 + Level 5.0 Armour
 + Level 1.8 Dodging
 + Level 1.4 Stealth
 + Level 4.1 Shields


You had 6 spell levels left.
You didn't know any spells.
Your spell library was empty.

Dungeon Overview and Level Annotations

Branches:
Dungeon (5/15)
 Temple: D:4-7

Altars:
Xom

Annotations:
D:5 1 runed translucent door, Crazy Yiuf, Grinder


Message History

There is a lethal amount of poison in your body!
A jackal zombie comes into view.
* * * LOW HITPOINT WARNING * * *
You feel sick.
Found 13 poisoned darts.
Your surroundings suddenly seem different.
Found a wand of acid (4) and 5 stones.
* * * LOW HITPOINT WARNING * * *
You feel sick.
* * * LOW HITPOINT WARNING * * *
You feel sick.
As you read the scroll of teleportation, it crumbles to dust.
You feel strangely unstable.
* * * LOW HITPOINT WARNING * * *
You feel sick.
Your surroundings suddenly seem different.
Found a mace.
Found a runed translucent door.
Crazy Yiuf the Enlightened comes into view.
He is wielding a +3 quarterstaff of chaos.
Crazy Yiuf hits you with a +3 quarterstaff of chaos.
You die...

#?
...♣♣
#.##
.♣♣ .
#..#
[.#..#
.....#
♣♣
..##5#
.♣ #5#
##+##
#.#
#...#
#.#
#@..#
#.#
#.g)#
#.#
#####
#.#
#..
###


You could see Crazy Yiuf.

Vanquished Creatures
  Blork the orc (D:4)
  A scorpion (D:3)
  A howler monkey (D:4)
  2 orc priests
  3 orc wizards
  A centaur skeleton (D:4)
  A worker ant (D:5)
  A hound skeleton (D:4)
  4 gnolls (D:2)
  3 adders
  An adder skeleton (D:4)
  2 worms
  2 dart slugs (D:1)
  8 orcs
  A giant cockroach (D:3)
  9 goblins
  5 hobgoblins
  11 jackals
  5 kobolds
  3 quokkas
  2 ball pythons
  A ball python skeleton (D:4)
  5 bats
  10 frilled lizards
  8 rats
91 creatures vanquished.

Notes
Turn   | Place    | Note
-------+----------+-------------------------------------------
     0 | D:1      | polelong the Human Fighter began the quest for the Orb.
     0 | D:1      | Reached XP level 1. HP: 18/18 MP: 1/1
   111 | D:1      | Reached XP level 2. HP: 23/24 MP: 2/2
   376 | D:1      | Reached XP level 3. HP: 29/29 MP: 3/3
  1370 | D:2      | You fall into a shaft and drop 2 floors!
  1801 | D:4      | Noticed a scorpion
  1805 | D:4      | Reached XP level 4. HP: 29/35 MP: 4/4
  1833 | D:3      | Reached XP level 5. HP: 17/41 MP: 5/5
  2179 | D:2      | Reached skill level 1 in Stealth
  2188 | D:2      | Reached skill level 4 in Armour
  2689 | D:2      | Reached XP level 6. HP: 47/47 MP: 6/6
  3393 | D:3      | Found a shimmering altar of Xom.
  3410 | D:3      | Found a shimmering altar of Xom.
  3410 | D:3      | Found a shimmering altar of Xom.
  3417 | D:3      | Found a shimmering altar of Xom.
  3417 | D:3      | Found a shimmering altar of Xom.
  3417 | D:3      | Found a shimmering altar of Xom.
  4180 | D:4      | Reached XP level 7. HP: 49/53 MP: 7/7
  4186 | D:4      | Reached skill level 1 in Dodging
  4548 | D:4      | Noticed Blork the orc
  4565 | D:4      | Killed Blork the orc
  4808 | D:5      | Entered Level 5 of the Dungeon
  4809 | D:5      | Noticed Grinder
  4809 | D:5      | Paralysed by Grinder for 2 turns
  4829 | D:5      | Paralysed by Grinder for 5 turns
  4850 | D:5      | Reached skill level 5 in Armour
  4865 | D:5      | HP: 2/53 [poisoned by a worker ant]
  4874 | D:5      | HP: 1/53 [poisoned by a worker ant]
  4880 | D:5      | HP: 1/53 [poisoned by a worker ant]
  4881 | D:5      | Found a runed translucent door.
  4882 | D:5      | Noticed Crazy Yiuf
  4882 | D:5      | Slain by Crazy Yiuf

Illustrated notes

Levels and vault maps discovered:
D:1:      nzn_arrival_water_spiral, layout_basic
D:2:      layout_basic, corexii_shack
D:3:      layout_rooms, xom_redecorated
D:4:      layout_cave_pods, uniq_blork_the_orc
D:5:      layout_loops_ring, nicolae_overflow_crystal_walls, serial_shops, shop,
          uniq_crazy_yiuf_cottage, uniq_grinder, uniq_sigmund

Skill      XL: |  1  2  3  4  5  6  7 |
---------------+----------------------+-----
Long Blades    | 3 4 |  4.5
Stealth        | 1 |  1.4
Armour         | 4 5 |  5.0
Shields        | 4 |  4.1
Dodging        | 1 |  1.8
Fighting       | |  3.7

Action                   |  1- 3 |  4- 6 |  7- 9 || total
-------------------------+-------+-------+-------++-------
Melee: Long sword        |   106 |   221 |    65 ||   392
  Use: Potion            |     1 |     7 |     3 ||    11
       Scroll            |       |     3 |     7 ||    10
Armor: Scale mail        |    42 |       |       ||    42
       Chain mail        |    19 |   129 |    31 ||   179
Dodge: Dodged            |    24 |    43 |    10 ||    77
Block: Kite shield       |    52 |   110 |    27 ||   189
       Rpst.: Long sword |     7 |    17 |     1 ||    25

Table legend: (Time is in decaauts)
 A = Elapsed time spent in this place.
 B = Non-inter-level travel time spent in this place.
 C = Inter-level travel time spent in this place.
 D = Time resting spent in this place.
 E = Time spent auto-exploring this place.
 F = Levels seen in this place.
 G = Mean time per level.
                   A        B        C        D        E       F      G
               +--------+--------+--------+--------+--------+-----+--------+
         Total |   5030 |   4757 |    273 |   1525 |   2142 |   5 | 1006.0 |
       Dungeon |   5030 |   4757 |    273 |   1525 |   2142 |   5 | 1006.0 |
               +--------+--------+--------+--------+--------+-----+--------+

Top non-repeatable levels by time:
     D:4: 1662 daAuts
     D:1: 1347 daAuts
     D:3: 1005 daAuts
     D:2: 943 daAuts
     D:5: 72 daAuts
